 Seeded DCSS version 0.27-a0-1200-g94dc6ad4cf (webtiles) character file.

Game seed: 1482225061180600175 (custom seed)

41003 flotson the Blocker (level 14, -32/113 HPs)
             Began as a Gnoll Fighter on May 31, 2021.
             Was a High Priest of Okawaru.
             Killed from afar by a lindwurm (41 damage)
             ... with a blast of flame
             ... summoned by Kirke
             ... on level 4 of the Lair of Beasts.
             The game lasted 00:30:59 (16480 turns).

flotson the Blocker (Gnoll Fighter)                Turns: 16480, Time: 00:31:01

Health: -32/113    AC:  0    Str: 22    XL:     14   Next: 13%
Magic:  27/27      EV: 17    Int:  7    God:    Okawaru [*****.]
Gold:   413        SH:  0    Dex: 11    Spells: 14/31 levels left

rFire    . . .     SeeInvis .     - Unarmed
rCold    . . .     Faith    +   (shield currently unavailable)
rNeg     . . .     Spirit   .   (armour currently unavailable)
rPois    .         Reflect  .   (helmet currently unavailable)
rElec    .         Harm     .   (cloak currently unavailable)
rCorr    .         Rampage  .   (gloves currently unavailable)
Will     +....                  (boots currently unavailable)
Stlth    ++++......             M - amulet of faith
HPRegen  0.28/turn              (ring currently unavailable)
MPRegen  0.20/turn              (ring currently unavailable)

@: pig-form, spiked, slowed
A: fast, no casting, small, (fangs 1), strong nose, distributed training
a: Renounce Religion, Heroism, Finesse


You were on level 4 of the Lair of Beasts.
You worshipped Okawaru.
Okawaru was extremely pleased with you.
You were a filthy swine.
You visited 3 branches of the dungeon, and saw 16 of its levels.
You also visited: Sewer.

You collected 787 gold pieces.
You spent 374 gold pieces at shops.

Inventory:

Hand Weapons
 a - a +4 vampiric broad axe (melded)
 b - a +0 hand crossbow
 c - a +0 spear of flaming
Missiles
 t - 87 bolts
 v - 81 poisoned darts
 G - 3 throwing nets
 H - 14 boomerangs of dispersal
 R - 7 silver javelins
 U - 8 boomerangs
Armour
 k - a +2 kite shield (melded)
 s - a +0 pair of gloves (melded)
 E - a +0 leather armour of fire resistance
 F - a +0 pair of boots (melded)
 N - +0 ice dragon scales
 P - a +0 helmet (melded)
 S - the +11 scale mail of Inference (melded) {Str+2 SInv}
   (You found it on level 2 of the Lair of Beasts)

   It affects your strength (+2).
   It lets you see invisible.
 T - a scarf of invisibility
 V - a +1 cloak of stealth (melded)
Jewellery
 e - a ring of resist corrosion (melded)
 L - a +6 ring of intelligence (melded)
 M - an amulet of faith (around neck)
Wands
 o - a wand of acid (7)
 D - a wand of paralysis (3)
 I - a wand of polymorph (22)
 J - a wand of mindburst (5)
 K - a wand of digging (15)
Scrolls
 g - 3 scrolls of brand weapon {unknown}
 l - 4 scrolls of immolation {unknown}
 m - 4 scrolls of amnesia {unknown}
 n - 3 scrolls of vulnerability {unknown}
 p - a scroll of enchant weapon {unknown}
 q - 2 scrolls of fear {unknown}
 u - 4 scrolls of teleportation {unknown}
 x - 5 scrolls of enchant armour {unknown}
 y - 4 scrolls of magic mapping {unknown}
 O - a scroll of silence {unknown}
 Q - a scroll of holy word {unknown}
Potions
 d - 2 potions of mutation
 f - a potion of haste
 h - 7 potions of curing
 i - 4 potions of flight
 j - 2 potions of cancellation
 r - a potion of attraction
 w - 6 potions of heal wounds
 z - 2 potions of brilliance
 A - a potion of lignification
 B - a potion of berserk rage
 C - 2 potions of might
Miscellaneous
 W - a phantom mirror


   Skills:
 + Level 11.0 Fighting
 + Level 9.0 Short Blades
 + Level 9.0 Long Blades
 + Level 9.0 Axes
 + Level 9.0 Maces & Flails
 + Level 10.0 Polearms
 + Level 9.0 Staves
 + Level 9.0 Slings
 + Level 9.0 Bows
 + Level 9.0 Crossbows
 + Level 9.0 Throwing
 + Level 11.0 Armour
 + Level 9.0 Dodging
 + Level 9.0 Stealth
 + Level 11.0 Shields
 + Level 9.0 Unarmed Combat
 + Level 9.0 Spellcasting
 + Level 7.4 Conjurations
 + Level 7.4 Hexes
 + Level 7.4 Summonings
 + Level 7.4 Necromancy
 + Level 7.4 Translocations
 + Level 7.4 Transmutations
 + Level 7.4 Fire Magic
 + Level 7.4 Ice Magic
 + Level 7.4 Air Magic
 + Level 7.4 Earth Magic
 + Level 7.4 Poison Magic
 + Level 9.7 Invocations
 + Level 9.0 Evocations


You had 14 spell levels left.
You knew the following spells:

 Your Spells              Type           Power      Damage    Failure   Level
a - Swiftness             Air            13%        N/A       2%          3
b - Dazzling Flash        Conj/Hex       26%        N/A       2%          3
c - Confusing Touch       Hex            13%        N/A       2%          3
d - Airstrike             Air            6%         N/A       9%          4
e - Iskenderun's Mystic   Conj/Tloc      13%        2d5       9%          4

Your spell library contained the following spells:

 Spells                   Type           Power      Damage    Failure   Level
 Corona                   Hex            14%        N/A       1%          1
 Foxfire                  Conj/Fire      52%        2x1d6     1%          1
 Magic Dart               Conj           52%        1d5       1%          1
 Shock                    Conj/Air       52%        1d6       1%          1
 Ensorcelled Hibernation  Hex/Ice        26%        N/A       1%          2
 Searing Ray              Conj           26%        3d4       1%          2
 Static Discharge         Conj/Air       13%        N/A       1%          2
 Conjure Flame            Conj/Fire      13%        6-21      2%          3
 Inner Flame              Hex/Fire       13%        N/A       2%          3
 Tukima's Dance           Hex            13%        N/A       2%          3
 Fulminant Prism          Conj/Hex       6%         3d7       9%          4
 Sticky Flame             Conj/Fire      13%        2d4       9%          4
 Fireball                 Conj/Fire      6%         3d5       24%         5
 Lightning Bolt           Conj/Air       6%         1d18      24%         5


Dungeon Overview and Level Annotations

Branches:
Dungeon (10/15)            Temple (1/1) D:6            Lair (5/6) D:10
 Shoals (0/4) Lair:3        Snake (0/4) Lair:2        Sewer (visited)
  Slime: Lair:5-6       Orc: D:9-12

Altars:
Ashenzari
Cheibriados
Dithmenos
Elyvilon
Fedhas
Gozag
Kikubaaqudgha
Nemelex Xobeh
Okawaru
Qazlal
Ru
Sif Muna
Trog
Uskayaw
Vehumet
Xom
Yredelemnul
Zin

Shops:
D:2 =   D:4 (   D:10 *

Annotations:
D:8 2 runed translucent doors, exclusion: orange crystal statue
D:9 3 runed translucent doors, bande's ghost, journeyman GrFi
Lair:4 Kirke


Innate Abilities, Weirdness & Mutations

You are a filthy swine.
You move quickly.
Your equipment is almost entirely melded.
You are incapable of wielding weapons or throwing items.
You cannot cast spells.
((You have very sharp teeth.))
Your uncanny sense of smell can sniff out nearby items.
Your experience applies equally to all skills.


Message History

Kirke barely misses you.
You closely miss Kirke.
Kirke is heavily wounded.
You barely miss Kirke.
Kirke is heavily wounded.
Kirke casts a spell at you.
You struggle to resist.
You closely miss Kirke.
Kirke is heavily wounded.
You barely miss Kirke.
Kirke is heavily wounded.
Kirke barely misses you.
Kirke casts a spell.
Kirke summons a lindwurm!
The lindwurm closely misses you. The lindwurm claws you!
The lindwurm barely misses you. The lindwurm breathes flames at you.
The blast of flame hits you!! Kirke gestures at you while chanting.
You feel a momentary urge to oink.
You feel like a meek peon again.
Your front trotters slow down.
Okay, then.
Kirke shouts!
Kirke casts a spell.
Kirke summons a manticore!
Kirke gestures at you while chanting.
You feel as though you will be slow longer.
The lindwurm roars!
The manticore flicks its tail.
The volley of spikes hits you!!
The barbed spikes become lodged in your body.
* * * LOW HITPOINT WARNING * * *
You feel better.
The manticore flicks its tail.
The volley of spikes hits you!
The barbed spikes become lodged in your body.
* * * LOW HITPOINT WARNING * * *
The lindwurm breathes flames at you. The blast of flame hits you!!!
You die...

##........#
####.......##.##
#.........#
##...........#
##........#
##.........##.#
##...#.###
##.k...........##
##...###
#...@H..........###
#....#
##...PPPPPPP......#
#....#
#P...P≈≈≈≈≈P......#
##...#
###...P≈≈≈≈≈P......#
#...##
#...h.P≈≈≈≈≈P......#
##..##
##....P≈≈≈≈≈P[.†...##
##....##
##...P≈≈≈≈≈P..#..#.#
#.#....#
#....PPPPPPP>#######
###....##
#............#♣....#
#.....#
##...........#♣♣♣.#.
###...P##
###..##.....#....#.
#.......##
####.#....#♣♣♣.#.
#........#
#####..#♣....#


You could see Kirke, a manticore (summoned) and a lindwurm (summoned, catching
breath).

Vanquished Creatures
  An ice dragon (D:9)
  6 hydras
  A boulder beetle (D:9)
  Erolcha (D:9)
  Harold (D:7)
  A catoblepas (Lair:3)
  4 death yaks (Lair:3)
  A centaur warrior (D:9)
  5 black mambas
  6 elephants
  A torpor snail (Lair:2)
  A gargoyle (D:9)
  15 cane toads
  6 rime drakes
  9 komodo dragons
  6 polar bears
  A hornet (D:8)
  14 blink frogs
  4 dream sheep (Lair:3)
  A slime creature (D:9)
  Sigmund (D:5)
  2 vampires (D:10)
  A wraith (D:10)
  7 hogs
  28 yaks
  6 wyverns
  3 nagas (Lair:2)
  13 water moccasins
  Duvessa (D:4)
  An orc warrior (D:10)
  A black bear (D:5)
  An ice beast (D:6)
  2 necrophages
  4 ogres
  15 wolves
  6 centaurs
  4 phantoms
  8 bullfrogs
  A kobold brigand (Sewer)
  A gnoll sergeant (D:6)
  3 scorpions
  Dowan (D:4)
  4 killer bees (D:7)
  2 howler monkeys
  An electric eel (Lair:3)
  3 centaur zombies
  2 bullfrog zombies (D:5)
  4 orc priests
  3 jellies
  A bullfrog skeleton (D:6)
  3 hounds
  2 scorpion zombies (D:5)
  4 iguanas
  2 orc wizards (D:9)
  3 gnolls (D:6)
  A howler monkey zombie (D:7)
  4 adders
  4 river rats
  A shadow imp (D:7)
  3 white imps
  An ufetubus (D:4)
  An adder skeleton (D:4)
  A dart slug (D:1)
  18 orcs
  2 endoplasms
  3 giant cockroaches
  6 goblins
  9 hobgoblins
  6 jackals
  6 quokkas
  6 ball pythons
  2 bats
  3 frilled lizards (D:2)
  11 kobolds
  14 rats
331 creatures vanquished.

Vanquished Creatures (others)
  A butterfly (Lair:5)
  19 fungi
  53 plants
73 creatures vanquished.

Grand Total: 404 creatures vanquished

Notes
Turn   | Place    | Note
-------+----------+-------------------------------------------
     0 | D:1      | flotson the Gnoll Fighter began the quest for the Orb.
     0 | D:1      | Reached XP level 1. HP: 23/23 MP: 1/1
     4 | D:1      | Noticed a formicid
     6 | D:1      | Noticed a felid
     7 | D:1      | Noticed a minotaur skeleton
    11 | D:1      | Noticed a vine stalker
    11 | D:1      | Noticed an elf
    13 | D:1      | Noticed a human
    13 | D:1      | Noticed a centaur
    15 | D:1      | Noticed a minotaur zombie
    17 | D:1      | Noticed a naga
    19 | D:1      | Noticed a ghoul
   108 | D:1      | Reached XP level 2. HP: 29/29 MP: 2/2
   311 | D:1      | Reached XP level 3. HP: 35/35 MP: 3/3
   571 | D:1      | Found a faded altar of an unknown god.
   821 | D:1      | Found a faded altar of an unknown god.
  1477 | D:2      | Reached skill level 1 in Invocations
  1870 | D:2      | Reached skill level 1 in Short Blades
  1870 | D:2      | Reached skill level 1 in Long Blades
  1870 | D:2      | Reached skill level 1 in Axes
  1870 | D:2      | Reached skill level 1 in Maces & Flails
  1870 | D:2      | Reached skill level 1 in Staves
  1870 | D:2      | Reached skill level 1 in Slings
  1870 | D:2      | Reached skill level 1 in Bows
  1870 | D:2      | Reached skill level 1 in Crossbows
  1870 | D:2      | Reached skill level 1 in Throwing
  1870 | D:2      | Reached skill level 1 in Dodging
  1870 | D:2      | Reached skill level 1 in Stealth
  1870 | D:2      | Reached skill level 1 in Unarmed Combat
  1870 | D:2      | Reached skill level 1 in Spellcasting
  1870 | D:2      | Reached skill level 1 in Evocations
  1901 | D:2      | Found Naweufokk's Jewellery Boutique.
  1926 | D:2      | Reached XP level 4. HP: 41/41 MP: 5/5
  2383 | D:3      | Found a large runed translucent door.
  2387 | D:3      | Found a large runed translucent door.
  2407 | D:3      | Reached skill level 1 in Conjurations
  2407 | D:3      | Reached skill level 1 in Hexes
  2407 | D:3      | Reached skill level 1 in Summonings
  2407 | D:3      | Reached skill level 1 in Necromancy
  2407 | D:3      | Reached skill level 1 in Translocations
  2407 | D:3      | Reached skill level 1 in Transmutations
  2407 | D:3      | Reached skill level 1 in Fire Magic
  2407 | D:3      | Reached skill level 1 in Ice Magic
  2407 | D:3      | Reached skill level 1 in Air Magic
  2407 | D:3      | Reached skill level 1 in Earth Magic
  2407 | D:3      | Reached skill level 1 in Poison Magic
  3133 | D:3      | Found a snail-covered altar of Cheibriados.
  3142 | D:3      | Found a white marble altar of Elyvilon.
  3192 | D:4      | Noticed a scorpion
  3205 | D:4      | Killed a scorpion
  3206 | D:4      | Reached XP level 5. HP: 39/47 MP: 5/7
  3220 | D:4      | Noticed a centaur
  3238 | D:4      | Reached XP level 6. HP: 50/53 MP: 8/8
  3257 | D:4      | Reached skill level 5 in Polearms
  3340 | D:4      | Noticed Duvessa
  3378 | D:4      | Found Romaq's Weapon Shop.
  3390 | D:4      | Noticed Dowan
  3509 | D:4      | Killed Duvessa
  3510 | D:4      | Reached XP level 7. HP: 24/59 MP: 10/10
  3518 | D:4      | Killed Dowan
  3592 | D:4      | Found a glowing drain.
  3598 | Sewer    | Entered a sewer
  3938 | Sewer    | Found a white marble altar of Elyvilon.
  4591 | D:5      | Entered Level 5 of the Dungeon
  4735 | D:5      | Reached XP level 8. HP: 67/67 MP: 12/12
  5025 | D:5      | Noticed Sigmund
  5052 | D:5      | Killed Sigmund
  5320 | D:5      | Found a basalt altar of Yredelemnul.
  5475 | D:6      | Reached XP level 9. HP: 72/72 MP: 14/14
  5564 | D:6      | Found a staircase to the Ecumenical Temple.
  5573 | Temple   | Entered the Ecumenical Temple
  5630 | Temple   | Became a worshipper of Warmaster Okawaru
  6307 | D:7      | Noticed Harold
  6340 | D:7      | Killed Harold
  6340 | D:7      | Reached * piety under Okawaru
  6341 | D:7      | Reached skill level 5 in Invocations
  7033 | D:7      | Reached ** piety under Okawaru
  7162 | D:7      | Reached XP level 10. HP: 80/80 MP: 17/17
  7433 | D:8      | Found a runed translucent door.
  7663 | D:8      | Found the +10 tower shield of Ignorance {rN+ Int-4}
  7667 | D:8      | Found a runed translucent door.
  7668 | D:8      | Noticed an orange crystal statue
  7741 | D:9      | Reached skill level 5 in Short Blades
  7741 | D:9      | Reached skill level 5 in Long Blades
  7741 | D:9      | Reached skill level 5 in Axes
  7741 | D:9      | Reached skill level 5 in Maces & Flails
  7741 | D:9      | Reached skill level 5 in Staves
  7741 | D:9      | Reached skill level 5 in Slings
  7741 | D:9      | Reached skill level 5 in Bows
  7741 | D:9      | Reached skill level 5 in Crossbows
  7741 | D:9      | Reached skill level 5 in Throwing
  7741 | D:9      | Reached skill level 5 in Dodging
  7741 | D:9      | Reached skill level 5 in Stealth
  7741 | D:9      | Reached skill level 5 in Unarmed Combat
  7741 | D:9      | Reached skill level 5 in Spellcasting
  7741 | D:9      | Reached skill level 5 in Evocations
  7756 | D:9      | Noticed Erolcha
  7784 | D:9      | Learned a level 3 spell: Swiftness
  7788 | D:9      | Learned a level 3 spell: Dazzling Flash
  8002 | D:9      | Found a runed translucent gate.
  8002 | D:9      | Noticed bande's ghost (journeyman GrFi)
  8003 | D:9      | Found a runed translucent gate.
  8003 | D:9      | Found a runed translucent gate.
  8003 | D:9      | Noticed a kobold demonologist
  8319 | D:5      | Reached *** piety under Okawaru
  8354 | D:4      | Bought a +4 vampiric broad axe for 374 gold pieces
  8572 | D:9      | Found a bloodstained altar of Trog.
  8809 | D:9      | Noticed a boulder beetle
  8809 | D:9      | Noticed a gargoyle
  8809 | D:9      | Noticed a centaur warrior
  8809 | D:9      | Noticed an ice dragon
  9023 | D:10     | Entered Level 10 of the Dungeon
  9040 | D:10     | Found Qifatafa's Lightly-Used Armoury.
  9362 | D:10     | Found an opulent altar of Gozag.
  9362 | D:10     | Found a sacrificial altar of Ru.
  9403 | D:10     | Found a staircase to the Lair.
  9851 | D:10     | Reached **** piety under Okawaru
 10022 | D:9      | Killed a gargoyle
 10023 | D:9      | Reached XP level 11. HP: 78/87 MP: 19/19
 10029 | D:9      | Killed Erolcha
 10029 | D:9      | Reached ***** piety under Okawaru
 10030 | D:9      | Reached skill level 5 in Conjurations
 10030 | D:9      | Reached skill level 5 in Hexes
 10030 | D:9      | Reached skill level 5 in Summonings
 10030 | D:9      | Reached skill level 5 in Necromancy
 10030 | D:9      | Reached skill level 5 in Translocations
 10030 | D:9      | Reached skill level 5 in Transmutations
 10030 | D:9      | Reached skill level 5 in Fire Magic
 10030 | D:9      | Reached skill level 5 in Ice Magic
 10030 | D:9      | Reached skill level 5 in Air Magic
 10030 | D:9      | Reached skill level 5 in Earth Magic
 10030 | D:9      | Reached skill level 5 in Poison Magic
 10290 | D:9      | Killed an ice dragon
 10290 | D:9      | Received a gift from Okawaru
 10318 | D:9      | Killed a centaur warrior
 10372 | D:9      | Killed a boulder beetle
 10372 | D:9      | Received a gift from Okawaru
 10509 | Lair:1   | Entered Level 1 of the Lair of Beasts
 10959 | Lair:1   | Noticed a seven-headed hydra
 10973 | Lair:1   | Killed a seven-headed hydra
 11396 | Lair:1   | Reached XP level 12. HP: 96/96 MP: 20/22
 11983 | Lair:2   | Identified the +11 scale mail of Inference {Str+2 SInv}
 12041 | Lair:2   | Received a gift from Okawaru
 12446 | Lair:2   | Found a staircase to the Snake Pit.
 12716 | Lair:2   | Noticed a seven-headed hydra
 12721 | Lair:2   | Killed a seven-headed hydra
 12872 | Lair:2   | Reached skill level 10 in Fighting
 12872 | Lair:2   | Reached skill level 10 in Armour
 12872 | Lair:2   | Reached skill level 10 in Shields
 13006 | Lair:3   | Found a staircase to the Shoals.
 13006 | Lair:3   | Noticed a six-headed hydra
 13033 | Lair:2   | Killed a six-headed hydra
 13501 | Lair:3   | Noticed a death yak
 13524 | Lair:3   | Noticed a death yak
 13530 | Lair:3   | Noticed a death yak
 13543 | Lair:3   | Noticed a death yak
 13543 | Lair:3   | Killed a death yak
 13553 | Lair:3   | Killed a death yak
 13560 | Lair:3   | Killed a death yak
 13561 | Lair:3   | Reached XP level 13. HP: 103/103 MP: 24/24
 13629 | Lair:3   | Received a gift from Okawaru
 14878 | Lair:4   | Learned a level 3 spell: Confusing Touch
 14883 | Lair:4   | Learned a level 4 spell: Airstrike
 14888 | Lair:4   | Learned a level 4 spell: Iskenderun's Mystic Blast
 14998 | Lair:4   | Received a gift from Okawaru
 15246 | Lair:4   | Received a gift from Okawaru
 15259 | Lair:4   | Received a gift from Okawaru
 15942 | Lair:5   | Reached XP level 14. HP: 111/111 MP: 26/26
 16172 | Lair:5   | Reached skill level 10 in Polearms
 16210 | Lair:5   | Noticed Kirke
 16219 | Lair:5   | Noticed a sphinx
 16480 | Lair:4   | Killed from afar by a lindwurm

Illustrated notes

Levels and vault maps discovered:
D:1:      shiori_arrival_whats_in_store_for_you, layout_rooms,
          shapermc_ecumenical_altar_gd
D:2:      layout_loops_ring, serial_shops, nicolae_shop_statue_plus,
          corexii_leaking_fountain
D:3:      layout_basic, jmf_multi_god_temple2
D:4:      layout_loops_ring, serial_shops, shop, gup_sewer_entry_bubbles,
          palyth_stone_intersect, uniq_duvessa
D:5:      layout_loops_ring, lemuel_zombie_altar_yredelemnul, uniq_sigmund
D:6:      layout_loops_ring, minmay_temple_entry_proselytizer
D:7:      layout_basic, nicolae_overflow_hidden_temple,
          kennysheep_big_empty_room, uniq_harold
D:8:      layout_rooms, chequers_guarded_unrand_ignorance
D:9:      layout_long_grid, trog_book, gammafunk_ghost_nasty_kobolds,
          wad_scary_box, uniq_erolcha
D:10:     layout_loops_cross, gammafunk_temple_overflow_wave,
          david_lair_shrubbed, minmay_shop_damaged
Temple:   regret_index_temple_waves
Lair:1:   layout_concentric_octagons
Lair:2:   layout_hall_layers, guppyfry_snake_entry_garden,
          cheibrodos_lair_lostbears
Lair:3:   layout_cave_pods, minmay_shoals_entry_centaurs,
          amcnicky_mini_pool_medium, lemuel_fruit_tree, serial_bayou_shore_a
Lair:4:   nzn_winding_woodlands_three_and_one
          [nzn_winding_woodlands_5x15_longhouse,
          nzn_winding_woodlands_5x15_default, nzn_winding_woodlands_5x15_eye,
          nzn_winding_woodlands_center_pierced_h], layout_gridlike, minivault_23
Lair:5:   layout_gridlike, lemuel_old_faithful, lemuel_fruit_fields, uniq_kirke

Skill      XL: |  1  2  3  4  5  6  7  8  9 10 11 12 13 14 |
---------------+-------------------------------------------+-----
Invocations    | 1 2 3 4 5 6 7 8 9 |  9.7
Short Blades   | 1 2 3 4 5 6 7 8 9 |  9.0
Long Blades    | 1 2 3 4 5 6 7 8 9 |  9.0
Axes           | 1 2 3 4 5 6 7 8 9 |  9.0
Maces & Flails | 1 2 3 4 5 6 7 8 9 |  9.0
Staves         | 1 2 3 4 5 6 7 8 9 |  9.0
Slings         | 1 2 3 4 5 6 7 8 9 |  9.0
Bows           | 1 2 3 4 5 6 7 8 9 |  9.0
Crossbows      | 1 2 3 4 5 6 7 8 9 |  9.0
Throwing       | 1 2 3 4 5 6 7 8 9 |  9.0
Dodging        | 1 2 3 4 5 6 7 8 9 |  9.0
Stealth        | 1 2 3 4 5 6 7 8 9 |  9.0
Unarmed Combat | 1 2 3 4 5 6 7 8 9 |  9.0
Spellcasting   | 1 2 3 4 5 6 7 8 9 |  9.0
Evocations     | 1 2 3 4 5 6 7 8 9 |  9.0
Conjurations   | 1 2 3 4 5 6 7 |  7.4
Hexes          | 1 2 3 4 5 6 7 |  7.4
Summonings     | 1 2 3 4 5 6 7 |  7.4
Necromancy     | 1 2 3 4 5 6 7 |  7.4
Translocations | 1 2 3 4 5 6 7 |  7.4
Transmutations | 1 2 3 4 5 6 7 |  7.4
Fire Magic     | 1 2 3 4 5 6 7 |  7.4
Ice Magic      | 1 2 3 4 5 6 7 |  7.4
Air Magic      | 1 2 3 4 5 6 7 |  7.4
Earth Magic    | 1 2 3 4 5 6 7 |  7.4
Poison Magic   | 1 2 3 4 5 6 7 |  7.4
Polearms       | 5 6 7 8 9 10 | 10.0
Fighting       | 7 8 9 10 11 | 11.0
Armour         | 7 8 9 10 11 | 11.0
Shields        | 7 8 9 10 11 | 11.0

Action                   |  1- 3 |  4- 6 |  7- 9 | 10-12 | 13-15 || total
-------------------------+-------+-------+-------+-------+-------++-------
Melee: Trident           |   106 |       |       |       |       ||   106
       Bite              |    14 |    13 |    55 |    61 |    57 ||   200
       Short sword       |    34 |   127 |    56 |       |       ||   217
       Whip              |       |       |   334 |   108 |       ||   442
       Broad axe         |       |       |       |   358 |   363 ||   721
       Unarmed           |       |       |       |       |    27 ||    27
 Fire: Hand crossbow     |       |       |    52 |    72 |     6 ||   130
Throw: Boomerang         |       |     3 |       |       |       ||     3
       Javelin           |       |       |       |    12 |    20 ||    32
Invok: Heroism           |       |       |       |    23 |    20 ||    43
       Finesse           |       |       |       |     1 |     1 ||     2
Evoke: Wand              |       |       |       |    14 |       ||    14
  Use: Potion            |       |     1 |       |       |     2 ||     3
       Scroll            |       |       |       |     9 |     1 ||    10
 Stab: Sleeping          |       |       |     2 |     5 |     5 ||    12
       Paralysed         |       |       |       |     5 |       ||     5
Armor: Scale mail        |    44 |    61 |     1 |    60 |   131 ||   297
       Leather armour    |       |       |    98 |    36 |       ||   134
       Ice dragon scales |       |       |       |    63 |       ||    63
Dodge: Dodged            |    31 |    36 |   168 |   227 |   185 ||   647
Block: Kite shield       |    70 |    85 |   240 |   435 |   269 ||  1099

Table legend: (Time is in decaauts)
 A = Elapsed time spent in this place.
 B = Non-inter-level travel time spent in this place.
 C = Inter-level travel time spent in this place.
 D = Time resting spent in this place.
 E = Time spent auto-exploring this place.
 F = Levels seen in this place.
 G = Mean time per level.
                   A        B        C        D        E       F      G
               +--------+--------+--------+--------+--------+-----+--------+
         Total |  16777 |  15817 |    960 |    439 |  11652 |  17 |  986.9 |
       Dungeon |  10186 |   9371 |    815 |    216 |   6949 |  10 | 1018.6 |
        Temple |    114 |     57 |     57 |      0 |     48 |   1 |  114.0 |
          Lair |   6007 |   5919 |     88 |    210 |   4420 |   5 | 1201.4 |
         Sewer |    469 |    469 |      0 |     13 |    234 |   1 |  469.0 |
               +--------+--------+--------+--------+--------+-----+--------+

Top non-repeatable levels by time:
  Lair:4: 1655 daAuts
  Lair:2: 1557 daAuts
     D:1: 1375 daAuts
     D:9: 1293 daAuts
  Lair:3: 1238 daAuts
  Lair:1: 1088 daAuts
     D:4: 1080 daAuts
     D:3: 1068 daAuts
    D:10: 1028 daAuts
     D:7: 976 daAuts
     D:5: 884 daAuts
     D:8: 846 daAuts
     D:2: 832 daAuts
     D:6: 799 daAuts
   Sewer: 469 daAuts
